 Dungeon Crawl Stone Soup version 0.29.1-15-g9cfb28693d (webtiles) character file.

Game seed: 10989063987662466357

4309 croobank the Covert (level 10, -10/103 HPs)
             Began as an Octopode Delver on Feb 23, 2023.
             Was an Initiate of Gozag.
             Blown up by Joseph (16 damage)
             ... with a mindburst bolt
             ... on level 9 of the Dungeon.
             The game lasted 00:24:27 (8865 turns).

croobank the Covert (Octopode Delver)               Turns: 8865, Time: 00:24:27

Health: -10/103    AC:  3    Str: 11    XL:     10   Next: 32%
Magic:  13/14      EV: 15    Int: 17    God:    Gozag
Gold:   668        SH:  0    Dex: 14    Spells: 8/14 levels left

rFire   . . .      SeeInvis +   p - +8 dagger (speed)
rCold   + . .      Faith    .   (no shield)
rNeg    . . .      Spirit   .   b - +2 hat {SInv}
rPois   .          Reflect  .   e - amulet of the acrobat
rElec   .          Harm     .   F - ring of protection from cold
rCorr   .          Rampage  .   (no ring)
Will    .....                   (no ring)
Stlth   ..........              (no ring)
HPRegen 0.27/turn               (no ring)
MPRegen 0.14/turn               (no ring)
                                (no ring)
                                (no ring)

@: berserking, very quick
A: almost no armour, amphibious, 8 rings, camouflage 1, gelatinous body 1,
(nimble swimmer 1), tentacles
a: Renounce Religion, Potion Petition, Call Merchant, Bribe Branch


You were on level 9 of the Dungeon.
You worshipped Gozag.
Gozag was pleased with you.
You visited 2 branches of the dungeon, and saw 11 of its levels.

You collected 722 gold pieces.
You paid 54 gold pieces to Gozag.

Inventory:

Hand Weapons
 a - a +0 hand axe of chaos
 g - a +2 vorpal hand axe
 l - a +0 short sword of venom
 p - a +8 dagger of speed (weapon)
 u - a +0 long sword
 v - a +0 arbalest
 x - a +1 trident of protection
 B - a +1 vorpal flail
 G - a +0 great sword
 H - a +0 scimitar
Missiles
 n - 8 poisoned darts (quivered)
 q - 14 boomerangs
 z - 2 throwing nets
Armour
 b - a +2 hat of see invisible (worn)
Magical Staves
 i - a staff of poison
 o - a staff of air
Jewellery
 e - an amulet of the acrobat (around mantle)
 F - a ring of protection from cold (left tentacle)
Wands
 f - a wand of digging (3)
 C - a wand of iceblast (10)
 D - a wand of flame (12)
Scrolls
 c - a scroll of poison
 d - 2 scrolls of teleportation
 j - 3 scrolls of immolation
 m - a scroll of magic mapping
 r - a scroll of fog
 s - 2 scrolls of amnesia
 y - 2 scrolls of blinking {unknown}
 A - 2 scrolls of enchant weapon {unknown}
 E - a scroll of vulnerability {unknown}
 K - a scroll of fear
Potions
 h - 2 potions of attraction
 t - a potion of brilliance
 I - a potion of flight
 J - a potion of mutation


   Skills:
 + Level 6.8 Fighting
 + Level 7.7 Short Blades
 - Level 2.9 Axes
 + Level 6.3 Dodging
 + Level 11.0 Stealth
 + Level 2.6 Spellcasting
 + Level 1.8 Translocations
 + Level 3.1 Transmutations
 + Level 3.1 Earth Magic


You had 8 spell levels left.
You knew the following spells:

 Your Spells              Type           Power      Damage    Failure   Level
a - Petrify               Tmut/Erth      13%        N/A       45%         4
b - Blink                 Tloc           16%        N/A       13%         2

Your spell library contained the following spells:

 Spells                   Type           Power      Damage    Failure   Level
 Magic Dart               Conj           8%         1d3       19%         1
 Gell's Gravitas          Tloc           8%         N/A       26%         3
 Lesser Beckoning         Tloc           8%         N/A       26%         3
 Teleport Other           Tloc           8%         N/A       26%         3
 Searing Ray              Conj           4%         2d4       28%         2
 Sublimation of Blood     Necr           2%         N/A       28%         2
 Fulminant Prism          Conj/Hex       1%         3d6       88%         4
 Manifold Assault         Tloc           8%         N/A       94%         5
 Irradiate                Conj/Tmut      3%         3d12      95%         5


Dungeon Overview and Level Annotations

Branches:
Dungeon (10/15)            Temple (1/1) D:5            Lair (0/5) D:8
    Orc: D:9-12

Altars:
Ashenzari
Cheibriados
Dithmenos
Elyvilon
Fedhas
Gozag
Hepliaklqana
Kikubaaqudgha
Makhleb
Nemelex Xobeh
Okawaru
Qazlal
Ru
Sif Muna
Trog
Uskayaw
Vehumet
Wu Jian
Xom
Yredelemnul
Zin
The Shining One

Annotations:
D:9 Joseph


Innate Abilities, Weirdness & Mutations

You cannot wear most types of armour.
You are amphibious.
You can wear up to eight rings at the same time.
Your skin changes colour to match your surroundings (Stealth+).
Your rubbery body absorbs attacks. (AC +1, EV +1)
((You are camouflaged when in or above water. (Stealth+)))
You have tentacles for arms and can constrict up to eight enemies at once.


Message History

* * * LOW HITPOINT WARNING * * *
The sling bullet burns you.
* * * LOW HITPOINT WARNING * * *
Okay, then.
Okay, then.
Okay, then.
It was a potion of curing.
You feel better.
Joseph shoots a sling bullet.
The sling bullet hits you!
* * * LOW HITPOINT WARNING * * *
The sling bullet burns you.
* * * LOW HITPOINT WARNING * * *
It was a potion of berserk rage.
A red film seems to cover your vision as you go berserk!
You feel yourself moving faster!
You feel mighty!
Joseph shoots a sling bullet.
The sling bullet hits you!
* * * LOW HITPOINT WARNING * * *
The sling bullet burns you!
* * * LOW HITPOINT WARNING * * *
You feel a strong urge to attack something.
You see here 15 gold pieces.
Joseph zaps a wand.
You struggle to resist.
There is an open door here.
You closely miss Joseph. Your grab misses Joseph. Your squeeze misses Joseph.
You closely miss Joseph. You grab Joseph. You squeeze Joseph!
Joseph is lightly wounded.
You constrict Joseph, but do no damage.
Joseph unwields a +1 sling of flaming.
It stops flaming.
Joseph wields a +0 quarterstaff.
Joseph barely misses you.
You hit Joseph.
Joseph is moderately wounded.
You constrict Joseph. You puncture Joseph! You squeeze Joseph.
Joseph is heavily wounded.
You constrict Joseph, but do no damage. You puncture Joseph!
Joseph is heavily wounded.
You constrict Joseph. You puncture Joseph!
Joseph is severely wounded.
You constrict Joseph.
Joseph zaps a wand.
Your mind is blasted!
You die...

#~@ #........#
#~.~#........#
####### ~##.......#
....... .~##.......#
....... .~ #.##....#
.......##.###.##>...#
............#.##....#
.......@....#.......#
#######@#####.......#
........$...........#
........$$..........#
....................#
....................#
....................#
....................#
....................#
...#############....#


You could see Joseph.

Vanquished Creatures
  A two-headed ogre (D:7)
  Grinder (D:5)
  A wyvern (D:7)
  A shadow (D:10)
  5 yaks (D:10)
  Menkaure (D:5)
  An ice beast (D:6)
  3 ogres
  A centaur (D:7)
  A necrophage (D:4)
  3 bullfrogs
  4 scorpions
  7 wights
  6 killer bees
  An electric eel (D:10)
  4 orc priests
  A gnoll bouda (D:5)
  6 hounds
  Jessica (D:3)
  An iguana (D:5)
  8 orc wizards
  8 gnolls
  4 adders
  2 ufetubi
  6 worms
  A dart slug (D:2)
  26 orcs
  4 ball pythons
  6 bats
  5 endoplasms
  6 giant cockroaches
  5 goblins
  12 hobgoblins
  4 jackals (D:2)
  A quokka (D:3)
  2 frilled lizards
  6 kobolds
  4 rats
160 creatures vanquished.

Vanquished Creatures (others)
  3 plants
3 creatures vanquished.

Grand Total: 163 creatures vanquished

Notes
Turn   | Place    | Note
-------+----------+-------------------------------------------
     0 | D:5      | croobank the Octopode Delver began the quest for the Orb.
     0 | D:5      | Reached XP level 1. HP: 16/16 MP: 1/1
     2 | D:5      | Noticed Grinder
    26 | D:5      | Noticed a hound
   355 | D:5      | Noticed a hound
   355 | D:5      | Noticed an orc wizard
   355 | D:5      | Noticed an orc wizard
   444 | D:2      | Reached XP level 2. HP: 21/21 MP: 2/2
   960 | D:1      | Reached XP level 3. HP: 26/26 MP: 3/3
  1166 | D:1      | Found a faded altar of an unknown god.
  1327 | D:2      | Reached skill level 7 in Stealth
  1636 | D:2      | Reached XP level 4. HP: 26/31 MP: 4/4
  2077 | D:3      | Identified the +1 robe of Quaffuub {rN+ Dex+7}
  2330 | D:3      | Found a hazy altar of Hepliaklqana.
  2330 | D:3      | Found a basalt altar of Yredelemnul.
  2466 | D:3      | Noticed Jessica
  2471 | D:3      | HP: 2/49 [Jessica/+8 dagger of speed (7)]
  2473 | D:3      | Killed Jessica
  2474 | D:3      | Reached XP level 5. HP: 36/37 MP: 5/5
  3112 | D:4      | Reached skill level 1 in Short Blades
  3544 | D:4      | Noticed an ogre
  3555 | D:4      | Killed an ogre
  3556 | D:4      | Reached XP level 6. HP: 25/43 MP: 6/6
  3838 | D:4      | Reached skill level 8 in Stealth
  4509 | D:5      | Reached XP level 7. HP: 38/49 MP: 7/7
  4581 | D:5      | Found a shimmering altar of Xom.
  4597 | D:5      | Found a shimmering altar of Xom.
  4598 | D:5      | Found a shimmering altar of Xom.
  4598 | D:5      | Found a shimmering altar of Xom.
  4600 | D:5      | Found a shimmering altar of Xom.
  4600 | D:5      | Found a shimmering altar of Xom.
  4607 | D:5      | Found a shimmering altar of Xom.
  4646 | D:5      | Killed Grinder
  4880 | D:5      | Found a staircase to the Ecumenical Temple.
  4894 | D:5      | Reached skill level 5 in Fighting
  4911 | Temple   | Entered the Ecumenical Temple
  4926 | Temple   | Became a worshipper of Gozag Ym Sagoz the Greedy
  4969 | D:5      | Reached XP level 8. HP: 55/55 MP: 8/8
  5056 | D:5      | Reached skill level 9 in Stealth
  5292 | D:5      | Reached skill level 5 in Short Blades
  5665 | D:5      | Noticed Menkaure
  5672 | D:5      | Killed Menkaure
  6172 | D:6      | Reached skill level 5 in Dodging
  6904 | D:6      | Reached XP level 9. HP: 47/61 MP: 9/9
  6988 | D:6      | Learned a level 4 spell: Petrify
  7044 | D:6      | Reached skill level 10 in Stealth
  7404 | D:7      | Reached skill level 1 in Transmutations
  7404 | D:7      | Reached skill level 1 in Earth Magic
  7477 | D:7      | Reached skill level 1 in Spellcasting
  7551 | D:7      | Noticed a two-headed ogre
  7766 | D:7      | Killed a two-headed ogre
  8212 | D:8      | Found a staircase to the Lair.
  8256 | D:9      | Learned a level 2 spell: Blink
  8316 | D:9      | Noticed Joseph
  8333 | D:10     | Entered Level 10 of the Dungeon
  8336 | D:10     | Reached XP level 10. HP: 69/69 MP: 13/13
  8366 | D:10     | Reached skill level 1 in Translocations
  8813 | D:10     | Noticed a two-headed ogre
  8846 | D:9      | Reached skill level 11 in Stealth
  8857 | D:9      | HP: 5/103 [Joseph/sling bullet (7)]
  8865 | D:9      | Blown up by Joseph

Illustrated notes

Levels and vault maps discovered:
D:1:      shiori_arrival_oz, layout_rooms,
          dreamdust_ecumenical_altar_sealed_demon,
          chequers_serial_rivers_micro_b
D:2:      layout_basic, guppyfry_early_orc_mine
D:3:      layout_loops_corners, mainiacjoe_overflow_divided_tiny,
          minmay_misc_feat_room, minmay_between, uniq_jessica
D:4:      layout_layer_cave, eino_small_chamber_without_monster
D:5:      layout_layer_cave, nicolae_xom_altar_mimics,
          minmay_temple_entry_glass, uniq_menkaure, uniq_grinder
D:6:      layout_gridville
D:7:      layout_cave_pools, nicolae_zen_rock_garden
D:8:      layout_basic, lair_entry_dummy, serial_glass, glass_columns_a,
          glass_columns_b
D:9:      layout_stronghold, amcnicky_mini_rare_corridor_liquid,
          nicolae_shop_gadgets, uniq_joseph
D:10:     layout_loops_ring, chequers_big_river
Temple:   hellmonk_temple_of_storms

Skill      XL: |  1  2  3  4  5  6  7  8  9 10 |
---------------+-------------------------------+-----
Stealth        | 7 8 9 10 11 | 11.0
Dodging        | 3 4 5 6 |  6.3
Short Blades   | 2 3 4 6 7 |  7.7
Fighting       | 4 5 6 |  6.8
Transmutations | 2 3 |  3.1
Earth Magic    | 2 3 |  3.1
Spellcasting   | 2 |  2.6
Translocations | 1 |  1.8
Axes           | |  2.9

Action                   |  1- 3 |  4- 6 |  7- 9 | 10-12 || total
-------------------------+-------+-------+-------+-------++-------
Melee: Hand axe          |    67 |    33 |       |       ||   100
       Constrict         |    18 |    16 |    38 |     5 ||    77
       Tentacles         |    11 |    11 |    50 |    18 ||    90
       Punch             |       |     3 |       |       ||     3
       Dagger            |       |    53 |   179 |    69 ||   301
 Fire: Arbalest          |       |       |     2 |       ||     2
Throw: Dart              |       |     5 |    20 |       ||    25
       Throwing net      |       |       |     2 |       ||     2
Evoke: Wand              |       |       |     2 |     8 ||    10
  Use: Scroll            |     2 |     9 |     5 |       ||    16
       Potion            |     2 |     2 |     1 |     3 ||     8
 Stab: Sleeping          |    16 |    17 |     9 |       ||    42
       Distracted        |       |       |     1 |       ||     1
Armor: Skin              |    13 |     9 |    12 |     3 ||    37
Dodge: Dodged            |    29 |    36 |   112 |    26 ||   203
